 Dungeon Crawl Stone Soup version 0.20.0-8-g6b59dc7 (webtiles) character file.

103 Hasart the Ducker (level 4, -9/31 HPs)
             Began as an Octopode Fighter on June 2, 2017.
             Mangled by Grinder (11 damage)
             ... on level 3 of the Dungeon.
             The game lasted 00:03:41 (1760 turns).

Hasart the Ducker (Octopode Fighter)                Turns: 1760, Time: 00:03:42

Health: -9/31      AC:  1    Str: 16    XL:     4   Next: 79%
Magic:  4/4        EV: 12    Int: 10    God:
Gold:   92         SH:  9    Dex: 11    Spells: 2/3 levels left

rFire    . . .     SeeInvis .   f - +2 morningstar (flame)
rCold    . . .     Gourm    .   b - +1 shield
rNeg     . . .     Faith    .   (helmet restricted)
rPois    .         Spirit   .   (no amulet)
rElec    .         Reflect  .   n - ring of loudness
rCorr    .         Harm     .   (no ring)
MR       .....                  (no ring)
Stlth    ++........             (no ring)
Regen    0.1/turn               (no ring)
MPRegen  0.1/turn               (no ring)
                                (no ring)
                                (no ring)

@: no status effects
A: almost no armour, stealthy swim, amphibious, 8 rings, constrict 8, camouflage
1, gelatinous body 1
a: no special abilities


You were on level 3 of the Dungeon.
You were hungry.

You visited 1 branch of the dungeon, and saw 4 of its levels.

You collected 92 gold pieces.

Inventory:

Hand Weapons
 a - a +1 flail
 f - a +2 morningstar of flaming (weapon)
Armour
 b - a +1 shield (worn)
Jewellery
 n - a ring of loudness (left tentacle)
Scrolls
 m - 4 scrolls of identify
Potions
 c - a potion of might
 h - a potion of brilliance
 i - a potion of curing {unknown}
 j - a potion of flight {unknown}
Books
 o - a book of Changes

   Spells                             Type                      Level
   a - Beastly Appendage              Transmutation                1
   b - Sticks to Snakes               Transmutation                2
   c - Spider Form                    Transmutation/Poison         3
   d - Ice Form                       Ice/Transmutation            4
   e - Blade Hands                    Transmutation                5
Comestibles
 d - 3 bread rations
 p - 2 meat rations


   Skills:
 + Level 3.3 Fighting
 * Level 3.2 Maces & Flails
 + Level 3.6 Dodging
 + Level 1.5 Stealth
 + Level 3.3 Shields
 - Level 1.0 Transmutations


You had 2 spell levels left.
You knew the following spells:

 Your Spells              Type           Power        Failure   Level  Hunger
a - Beastly Appendage     Tmut           #.....       75%         1    ##.....


Dungeon Overview and Level Annotations

Branches:
Dungeon (4/15)
 Temple: D:4-7

Altars:
Sif Muna

Annotations:
D:3 Grinder, Robin


Innate Abilities, Weirdness & Mutations

You cannot wear most types of armour.
You are very stealthy in the water. (Stealth+)
You are amphibious.
You can wear up to eight rings at the same time.
You can use your tentacles to constrict eight enemies at once.
Your skin changes colour to match your surroundings (Stealth+).
Your rubbery body absorbs attacks. (AC +1, EV +1)


Message History

Grinder flickers and vanishes!
Deactivating autopickup; reactivate with Ctrl-A.
You block the orc's attack.
You sock the orc! You burn the orc.
You kill the orc!
You block the hobgoblin's attack.
You hit the hobgoblin. You burn the hobgoblin. Your grab misses the hobgoblin.
You squeeze the hobgoblin.
You kill the hobgoblin!
No target in view!
No target in view!
Things that are here:
a club; a hobgoblin corpse You closely miss something.
Something hits you! x2; You writhe in agony.
You closely miss something. Something hits you.
* * * LOW HITPOINT WARNING * * *
You writhe in agony.
* * * LOW HITPOINT WARNING * * *
You hit something. You burn something. Something hits you!
You die...

############
##.....#.....
##............
#.............
#...........!.
#.............
#....)........
#!....@.......
#....†........
##...>........
#......#.....
#...####.###.
#... . #... #
#... #...


There were no monsters in sight!

Vanquished Creatures
  2 gnolls (D:3)
  4 adders
  A worm (D:2)
  3 dart slugs
  2 leopard geckos (D:1)
  An orc (D:3)
  3 giant cockroaches (D:2)
  4 goblins
  4 hobgoblins
  3 jackals (D:2)
  8 bats
  A kobold (D:1)
  4 rats
40 creatures vanquished.

Notes
Turn   | Place    | Note
-------+----------+-------------------------------------------
     0 | D:1      | Hasart the Octopode Fighter began the quest for the Orb.
     0 | D:1      | Reached XP level 1. HP: 16/16 MP: 1/1
   220 | D:1      | Reached XP level 2. HP: 21/21 MP: 2/2
   668 | D:2      | Reached XP level 3. HP: 25/26 MP: 3/3
   730 | D:2      | Learned a level 1 spell: Beastly Appendage
  1068 | D:2      | Reached skill level 1 in Stealth
  1069 | D:2      | Found a deep blue altar of Sif Muna.
  1136 | D:2      | Reached XP level 4. HP: 31/31 MP: 4/4
  1509 | D:3      | Noticed Robin
  1740 | D:4      | Reached skill level 1 in Transmutations
  1752 | D:3      | Noticed Grinder
  1760 | D:3      | Mangled by Grinder

Skill      XL: |  1  2  3  4 |
---------------+-------------+-----
Stealth        | 1 |  1.5
Maces & Flails | 3 |  3.2
Transmutations | 1 |  1.0
Fighting       | |  3.3
Dodging        | |  3.6
Shields        | |  3.3

Action                   |  1- 3 |  4- 6 || total
-------------------------+-------+-------++-------
Melee: Flail             |    51 |       ||    51
       Constrict         |    17 |     5 ||    22
       Tentacles         |     5 |     3 ||     8
       Whip              |       |    19 ||    19
       Morningstar       |       |     8 ||     8
  Use: Scroll            |       |     8 ||     8
 Stab: Sleeping          |     7 |     1 ||     8
  Eat: Chunk             |     1 |     1 ||     2
Armor: Skin              |     5 |     1 ||     6
Dodge: Dodged            |    24 |     6 ||    30
Block: Shield            |    20 |    11 ||    31
